 Dungeon Crawl Stone Soup version 0.21.1-1-g345015f (webtiles) character file.

48 letownia2 the Conjurer (level 3, -3/19 HPs)
             Began as a Tengu Wizard on Mar 5, 2018.
             Slain by a worker ant (5 damage)
             ... on level 4 of the Dungeon.
             The game lasted 00:04:21 (884 turns).

letownia2 the Conjurer (Tengu Wizard)                Turns: 884, Time: 00:04:22

Health: -3/19      AC:  4    Str:  7    XL:     3   Next: 72%
Magic:  2/8        EV: 11    Int: 19    God:
Gold:   33         SH:  0    Dex: 12    Spells: 2/8 levels left

rFire    . . .     SeeInvis .   k - +0 whip
rCold    . . .     Gourm    .   (no shield)
rNeg     . . .     Faith    .   g - +0 leather armour
rPois    .         Spirit   .   b - +1 hat
rElec    .         Reflect  .   (no cloak)
rCorr    .         Harm     .   (no gloves)
MR       .....                  (boots unavailable)
Stlth    ++........             (no amulet)
HPRegen  0.06/turn              (no ring)
MPRegen  0.11/turn              (no ring)

@: no status effects
A: beak, talons 3
a: no special abilities


You were on level 4 of the Dungeon.
You were not hungry.

You visited 1 branch of the dungeon, and saw 4 of its levels.

You collected 33 gold pieces.

Inventory:

Hand Weapons
 k - a +0 whip (weapon)
 m - a cursed -3 halberd
 o - a +3 trident of flaming
Missiles
 i - 21 sling bullets
 j - 7 curare-tipped needles
Armour
 a - a +0 robe
 b - a +1 hat (worn)
 g - a +0 leather armour (worn)
Books
 c - a book of Minor Magic

   Spells                             Type                      Level
   a - Magic Dart                     Conjuration                  1
   b - Blink                          Translocation                2
   c - Call Imp                       Summoning                    2
   d - Slow                           Hexes                        2
   e - Conjure Flame                  Conjuration/Fire             3
   f - Mephitic Cloud                 Conjuration/Poison/Air       3
Comestibles
 d - 4 rations


   Skills:
 - Level 2.1 Dodging
 - Level 2.0 Stealth
 - Level 3.0 Spellcasting
 + Level 4.3 Conjurations
 - Level 1.2 Summonings
   Level 0.7 Translocations
 + Level 1.3 Air Magic


You had 2 spell levels left.
You knew the following spells:

 Your Spells              Type           Power        Failure   Level  Hunger
a - Magic Dart            Conj           ###.         3%          1    None
e - Mephitic Cloud        Conj/Pois/Air  ##......     32%         3    ###....
i - Call Imp              Summ           #.......     22%         2    ##.....


Dungeon Overview and Level Annotations

Branches:
Dungeon (4/15)
 Temple: D:4-7

Altars:
Ashenzari
Fedhas
Hepliaklqana
Kikubaaqudgha
Makhleb
Qazlal
Ru
Sif Muna
Trog
Wu Jian


Innate Abilities, Weirdness & Mutations

You have a beak for a mouth.
You have claws for feet.


Message History

The worker ant is engulfed in noxious fumes. x2
Unknown command.
The worker ant is engulfed in noxious fumes.
The worker ant is engulfed in noxious fumes.
The worker ant appears confused.
As you read the scroll labeled SOLOZOSUTI, it crumbles to dust.
It is a scroll of enchant armour.
Your +0 hat glows green for a moment.
As you read the scroll labeled LENOTO SASOIKH, it crumbles to dust.
It is a scroll of amnesia.
Okay, then.
The orc wizard casts a spell.
The orc wizard blinks!
The jackal bites you but does no damage.
The jackal barely misses you.
An ogre comes into view. It is wielding a giant club.
As you read the scroll labeled YGOTUE SYLAZALL, it crumbles to dust.
It is a scroll of enchant weapon.
Your runed trident glows red for a moment.
The worker ant misses the jackal.
The worker ant bites you.
You die...

######### #######...#ยง..####
............#.h(.## ###
##(.......#.ah..#.....
#.####(#####.@...# #.#
#...#...ha### #.# ###..#..#..#
#
####.###.............###.#####
....#{##.#....$#...O.....)<..#
.....oo.............#....###<#
######.......###.#.###...###.#
.. #o#{###......## ##......#
_.## #.#o....# #..#.#h.#


You could see an ogre, 2 worker ants and 3 jackals.

Vanquished Creatures
  2 gnolls (D:3)
  An adder (D:4)
  A worm (D:2)
  An orc (D:4)
  2 ball pythons
  A giant cockroach (D:1)
  A hobgoblin (D:1)
  4 jackals
  A quokka (D:2)
  A bat (D:1)
  A kobold (D:1)
  2 rats
18 creatures vanquished.

Notes
Turn   | Place    | Note
-------+----------+-------------------------------------------
     0 | D:1      | letownia2 the Tengu Wizard began the quest for the Orb.
     0 | D:1      | Reached XP level 1. HP: 10/10 MP: 5/5
    24 | D:1      | Reached skill level 2 in Conjurations
   184 | D:1      | Reached XP level 2. HP: 3/15 MP: 0/7
   265 | D:2      | Learned a level 2 spell: Call Imp
   320 | D:2      | Reached skill level 3 in Conjurations
   495 | D:3      | Reached XP level 3. HP: 19/19 MP: 4/8
   511 | D:3      | Reached skill level 4 in Conjurations
   517 | D:3      | Learned a level 3 spell: Mephitic Cloud
   731 | D:4      | Reached skill level 1 in Air Magic
   759 | D:3      | Found a deep blue altar of Sif Muna.
   828 | D:4      | Found a stormy altar of Qazlal.
   828 | D:4      | Found a bloodstained altar of Trog.
   832 | D:4      | Found a sacrificial altar of Ru.
   832 | D:4      | Found a hazy altar of Hepliaklqana.
   835 | D:4      | Found a shattered altar of Ashenzari.
   835 | D:4      | Found an ancient bone altar of Kikubaaqudgha.
   836 | D:4      | Found an ornate altar of the Wu Jian Council.
   839 | D:4      | Found a blossoming altar of Fedhas.
   847 | D:4      | Found a burning altar of Makhleb.
   884 | D:4      | Noticed an ogre
   884 | D:4      | Slain by a worker ant

Skill      XL: |  1  2  3 |
---------------+----------+-----
Conjurations   | 2 3 4 |  4.3
Air Magic      | 1 |  1.3
Dodging        | |  2.1
Stealth        | |  2.0
Spellcasting   | |  3.0
Summonings     | |  1.2
Translocations | |  0.7

Action                   || total
-------------------------++-------
Melee: Unarmed           ||     6
       Kick              ||     2
       Whip              ||     1
 Cast: Magic Dart        ||    65
       Call Imp          ||     3
       Mephitic Cloud    ||     2
  Use: Scroll            ||     3
       Potion            ||     1
Armor: Leather armour    ||    15
       Robe              ||     1
Dodge: Dodged            ||    26
